 Dungeon Crawl Stone Soup version 0.31-a0-1-g4198be8af4 (webtiles) character file.

Game seed: 13620425249509412137

245 dracfodder the Conjurer (level 5, 0/39 HPs)
             Began as a Draconian Conjurer on Apr 30, 2023.
             Slain by an ogre
             ... wielding a +0 giant club
              (32 damage)
             ... on level 4 of the Dungeon.
             The game lasted 00:17:41 (4488 turns).

dracfodder the Conjurer (Draconian Conjurer)        Turns: 4488, Time: 00:17:42

Health: 0/39       AC:  9    Str:  9    XL:     5   Next: 84%
Magic:  5/10       EV: 12    Int: 20    God:
Gold:   221        SH:  0    Dex: 13    Spells: 5/11 levels left

rFire   . . .        b - +0 whip "Kataalen" {drain, rC- Dex+3 Stlth+}
rCold   x . .        (no shield)
rNeg    . . .        (body armour unavailable)
rPois   .            (helmet restricted)
rElec   .            m - +0 cloak
rCorr   .            (no gloves)
SInv    .            g - +2 pair of boots
Will    .....        (no amulet)
Stlth   +++          (no ring)
HPRegen 0.26/turn    (no ring)
MPRegen 0.12/turn

%: no passive effects
@: no status effects
A: AC +5, unfitting armour, cold-blooded
a: no special abilities


You were on level 4 of the Dungeon.
You visited 1 branch of the dungeon, and saw 4 of its levels.

You collected 221 gold pieces.

Inventory:

Hand Weapons
 b - the +0 whip "Kataalen" (weapon) {drain, rC- Dex+3 Stlth+}
   (You found it on level 3 of the Dungeon)

   Dex:       It affects your dexterity (+3).
   rC:        It makes you vulnerable to cold.
   Stlth:     It makes you more stealthy.
 o - a +2 short sword of flaming
Armour
 g - a +2 pair of boots (worn)
 m - a +0 cloak (worn)
Magical Staves
 d - a staff of cold
 e - a staff of fire
Scrolls
 c - 3 scrolls of teleportation
 f - 2 scrolls of fear
 h - 2 scrolls of poison
 k - a scroll of acquirement {unknown}
Potions
 a - a potion of berserk rage
 i - a potion of haste
 j - a potion of curing
 l - a potion of might
 n - a potion of invisibility {unknown}


   Skills:
 + Level 0.4 Fighting
 + Level 1.3 Maces & Flails
 + Level 0.4 Polearms
 + Level 2.2 Dodging
 + Level 2.5 Stealth
 * Level 3.7 Spellcasting
 + Level 5.2 Conjurations


You had 5 spell levels left.
You knew the following spells:

 Your Spells              Type           Power      Damage    Failure   Level
a - Magic Dart            Conj           96%        1d7       1%          1
b - Searing Ray           Conj           48%        2d6       2%          2
c - Dazzling Flash        Conj/Hex       28%        N/A       14%         3

Your spell library contained the following spells:

 Spells                   Type           Power      Damage    Failure   Level
 Vhi's Electric Charge    Tloc/Air       6%         N/A       36%         3
 Fulminant Prism          Conj/Hex       7%         3d7       41%         4
 Iskenderun's Mystic Bla  Conj/Tloc      14%        2d5       41%         4
 Arcjolt                  Conj/Air       7%         1d17      77%         5
 Maxwell's Capacitive Co  Air            1%         ∞         100%        8


Dungeon Overview and Level Annotations

Branches:
Dungeon (4/15)
 Temple: D:4-7

Altars:
Gozag
Hepliaklqana

Annotations:
D:4 2 runed translucent doors


Innate Abilities, Weirdness & Mutations

Your plain brown scales are hard. (AC +5)
You cannot fit into any form of body armour.
You are cold-blooded and may be slowed by cold attacks.


Message History

You hit the iguana but do no damage. You drain the iguana.
The iguana is severely wounded.
The iguana barely misses you.
You hit the iguana but do no damage.
You tail-slap the iguana, but do no damage.
The iguana is severely wounded.
The iguana bites you!
You barely miss the iguana.
You tail-slap the iguana, but do no damage.
You punch the iguana, but do no damage.
The iguana is severely wounded.
The iguana completely misses you.
You strike the helpless iguana from behind!
You hit the iguana. You drain the iguana.
You kill the iguana!
You start resting.
HP restored.
You start waiting.
Done waiting.
An ogre comes into view. It is wielding a +0 giant club.
Found a long sword.
Casting: Dazzling Flash (quite dangerous; 14% risk of failure)
Confirm with . or Enter, or press ? or * to list all spells.
Aiming: Searing Ray (safe; 2% risk of failure)
Press: ? - help, Shift-Dir - straight line, f - ogre
Aim: an ogre, wielding a +0 giant club (asleep, 100% to hit)
The searing ray hits the ogre.
The ogre is lightly wounded. (Press . to maintain the ray.)
The searing ray hits the ogre.
The ogre is moderately wounded.
The searing ray hits the ogre.
The ogre is severely wounded.
The ogre hits you with a +0 giant club!
The searing ray hits the ogre.
The ogre is severely wounded.
You finish channelling your searing ray.
The ogre hits you with a +0 giant club!!
Ouch! That really hurt!
You die...

###################
..................#
..................#.....
..................#.....
.......@.........##.....
..##..O##.####...##.....
#...#######...##.....
#..).....<...........
#....................
....
.....................
....
##+#######.....##.....
.... #.....##....> ....
........##.....


You could see an ogre.

Vanquished Creatures
  A phantom (D:4)
  An iguana (D:4)
  Terence (D:2)
  3 adders (D:2)
  A dart slug (D:1)
  4 orcs (D:4)
  8 bats
  6 endoplasms
  4 giant cockroaches
  5 goblins
  9 hobgoblins
  8 jackals
  2 quokkas (D:3)
  9 ball pythons
  9 kobolds
  12 rats
83 creatures vanquished.

Vanquished Creatures (others)
  A plant (D:4)
1 creature vanquished.

Grand Total: 84 creatures vanquished

Notes
Turn   | Place    | Note
-------+----------+-------------------------------------------
     0 | D:1      | dracfodder the Draconian Conjurer began the quest for the
                  | Orb.
     0 | D:1      | Reached XP level 1. HP: 14/14 MP: 3/3
   334 | D:1      | Reached XP level 2. HP: 20/20 MP: 0/5
   487 | D:1      | Learned a level 2 spell: Searing Ray
  1024 | D:1      | Found a faded altar of an unknown god.
  1490 | D:2      | Reached XP level 3. HP: 26/26 MP: 1/6
  1542 | D:2      | Learned a level 3 spell: Dazzling Flash
  2088 | D:2      | Found a hazy altar of Hepliaklqana.
  2307 | D:2      | Noticed Terence
  2318 | D:2      | Killed Terence
  2319 | D:2      | Reached XP level 4. HP: 18/33 MP: 1/8
  2635 | D:3      | Identified the +0 whip "Kataalen" {drain, rC- Dex+3 Stlth+}
  2890 | D:3      | Found an opulent altar of Gozag.
  3254 | D:3      | Reached skill level 5 in Conjurations
  3954 | D:4      | Found a large runed translucent door.
  3954 | D:4      | Found a large runed translucent door.
  4071 | D:4      | Reached XP level 5. HP: 38/38 MP: 10/10
  4181 | D:4      | Noticed a phantom
  4221 | D:4      | Killed a phantom
  4222 | D:4      | Reached skill level 1 in Maces & Flails
  4484 | D:4      | Noticed an ogre
  4488 | D:4      | Slain by an ogre

Illustrated notes

Levels and vault maps discovered:
D:1:      nagdon_arrival_zigzag_paths, layout_basic,
          hellmonk_ecumenical_altar_crossroads, wad_floor_pattern_untrapped,
          minmay_tree_intersection, minmay_split_cup_large
D:2:      layout_loops_cross, basic_altar, minmay_tripent, uniq_terence
D:3:      layout_loops_ring, grunt_gozag_breadcrumbs, minmay_misc_feat_roman
D:4:      corexii_shack_village, layout_gridville, jmf_multi_god_temple2,
          corexii_shack, uniq_crazy_yiuf_cottage

Skill      XL: |  1  2  3  4  5 |
---------------+----------------+-----
Dodging        | 2 |  2.2
Stealth        | 2 |  2.5
Spellcasting   | 3 |  3.7
Conjurations   | 5 |  5.2
Maces & Flails | 1 |  1.3
Fighting       | |  0.4
Polearms       | |  0.4

Action                     |  1- 3 |  4- 6 || total
---------------------------+-------+-------++-------
  Melee: Trident           |    10 |       ||    10
         Whip              |       |    53 ||    53
         Tailslap          |       |     7 ||     7
         Punch             |       |     1 ||     1
   Cast: Magic Dart        |    26 |    29 ||    55
         Searing Ray       |    24 |    14 ||    38
         Dazzling Flash    |       |     1 ||     1
    Use: Scroll            |     8 |     3 ||    11
         Potion            |     1 |       ||     1
   Stab: Sleeping          |       |     2 ||     2
         Invisible         |       |     1 ||     1
 Armour: Skin              |     4 |    17 ||    21
  Dodge: Dodged            |    10 |    39 ||    49

Table legend: (Time is in decaauts)
 A = Elapsed time spent in this place.
 B = Non-inter-level travel time spent in this place.
 C = Inter-level travel time spent in this place.
 D = Time resting spent in this place.
 E = Time spent auto-exploring this place.
 F = Levels seen in this place.
 G = Mean time per level.
                   A        B        C        D        E       F      G
               +--------+--------+--------+--------+--------+-----+--------+
         Total |   4494 |   4459 |     35 |   1576 |   2345 |   4 | 1123.5 |
       Dungeon |   4494 |   4459 |     35 |   1576 |   2345 |   4 | 1123.5 |
               +--------+--------+--------+--------+--------+-----+--------+

Top non-repeatable levels by time:
     D:1: 1488 daAuts
     D:2: 1130 daAuts
     D:3: 1100 daAuts
     D:4: 774 daAuts
